PBL
MIAMI BEACH MARLINS @ CALGARY FLAMES
10/03/2045
 
TOP OF THE 1ST
Miami Beach Marlins batting - Pitching for Calgary Flames : RHP Alberto Cuevas
Pitching: RHP Alberto Cuevas
Batting: RHB Masumitsu Sugiura 0-0: Ball
1-0: Called Strike
1-1: Swinging Strike
1-2: Strikes out swinging
Batting: RHB Jason Thrash 0-0: SINGLE (Line Drive, 34D, EV 93.8 MPH)
Batting: RHB Boof Howell 0-0: Called Strike
0-1: SINGLE (Line Drive, 8LS, EV 93.8 MPH)
Jason Thrash to second
Batting: RHB Mike Gar 0-0: Ball
1-0: Swinging Strike
1-1: Swinging Strike
1-2: Strikes out looking
Batting: SHB Matt Moore 0-0: Ball
1-0: Foul Ball, location: 2F
1-1: Ball
2-1: Foul Ball, location: 2F
2-2: Strikes out swinging
Top of the 1st over - 0 runs, 2 hits, 0 errors, 2 left on base; Miami Beach 0 - Calgary 0
BOTTOM OF THE 1ST
Calgary Flames batting - Pitching for Miami Beach Marlins : RHP Ryan Weedon
Pitching: RHP Ryan Weedon
Batting: RHB Elias Vences 0-0: Swinging Strike
0-1: Swinging Strike
0-2: Ball
1-2: Strikes out swinging
Batting: RHB Adrian Cook 0-0: Called Strike
0-1: Foul Ball, location: 2F
0-2: Ball
1-2: Strikes out swinging
Batting: RHB Eric McMillian 0-0: Ball
1-0: Called Strike
1-1: Called Strike
1-2: Foul Ball, location: 2F
1-2: Ground out 6-3 (Groundball, 6MS, EV 68.1 MPH)
Bottom of the 1st over - 0 runs, 0 hits, 0 errors, 0 left on base; Miami Beach 0 - Calgary 0
TOP OF THE 2ND
Miami Beach Marlins batting - Pitching for Calgary Flames : RHP Alberto Cuevas
Batting: RHB Keith Bennett 0-0: Called Strike
0-1: Ball
1-1: Foul Ball, location: 2F
1-2: Strikes out looking
Batting: LHB Luis Magdaleno 0-0: Called Strike
0-1: SINGLE (Line Drive, 78M, EV 91.9 MPH)
Batting: LHB Orlando Rivera 0-0: Called Strike
0-1: Foul Ball, location: 2F
0-2: Ball
1-2: Ground out 4-3 (Groundball, 34D, EV 107.5 MPH)
Luis Magdaleno to second
Batting: RHB Robbie Gomez 0-0: Ball
1-0: Called Strike
1-1: Ball
2-1: Ball
3-1: Swinging Strike
3-2: Strikes out swinging
Top of the 2nd over - 0 runs, 1 hit, 0 errors, 1 left on base; Miami Beach 0 - Calgary 0
BOTTOM OF THE 2ND
Calgary Flames batting - Pitching for Miami Beach Marlins : RHP Ryan Weedon
Batting: RHB Mike MacLeod 0-0: Ball
1-0: Ball
2-0: Called Strike
2-1: Foul Ball, location: 2F
2-2: Foul Ball, location: 2F
2-2: Ball
3-2: Fly out, F7 (Flyball, 7S, EV 88.8 MPH)
Batting: SHB Isaiah Scates 0-0: Swinging Strike
0-1: Ball
1-1: Foul Ball, location: 2F
1-2: Ball
2-2: Ball
3-2: Base on Balls
Batting: LHB Dean Luttman 0-0: Called Strike
0-1: Called Strike
0-2: Fielders Choice at 2nd, 6-4 (Groundball, 6, EV 83.1 MPH)
Batting: RHB Alex Collazo 0-0: Called Strike
0-1: Foul Ball, location: 2F
0-2: Foul Ball, location: 2F
0-2: Strikes out swinging
Bottom of the 2nd over - 0 runs, 0 hits, 0 errors, 1 left on base; Miami Beach 0 - Calgary 0
TOP OF THE 3RD
Miami Beach Marlins batting - Pitching for Calgary Flames : RHP Alberto Cuevas
Batting: RHB Masumitsu Sugiura 0-0: Foul Ball, location: 2F
0-1: Ball
1-1: Foul Ball, location: 2F
1-2: Ball
2-2: Foul Ball, location: 2F
2-2: Foul Ball, location: 2F
2-2: Ball
3-2: Foul Ball, location: 2F
3-2: Strikes out swinging
Batting: RHB Jason Thrash 0-0: Called Strike
0-1: Foul Ball, location: 2F
0-2: Ball
1-2: Ball
2-2: DOUBLE (Groundball, 5L, EV 95.0 MPH)
Batting: RHB Boof Howell 0-0: Called Strike
0-1: Called Strike
0-2: Ball
1-2: Ball
2-2: Ball
3-2: Foul Ball, location: 2F
3-2: Strikes out swinging
Batting: RHB Mike Gar 0-0: Called Strike
0-1: Ground out 6-3 (Groundball, 6, EV 106.9 MPH)
Top of the 3rd over - 0 runs, 1 hit, 0 errors, 1 left on base; Miami Beach 0 - Calgary 0
BOTTOM OF THE 3RD
Calgary Flames batting - Pitching for Miami Beach Marlins : RHP Ryan Weedon
Batting: LHB Justin Daley 0-0: Foul Ball, location: 2F
0-1: Ball
1-1: Ball
2-1: Ball
3-1: DOUBLE (Flyball, 8RD, EV 105.0 MPH)
Pinch Runner at 2nd Ricardo Ortiz:
Batting: RHB Jon Groseclose 0-0: Ground out U3 (Groundball, 3, EV 95.6 MPH)
Ricardo Ortiz to third
Batting: RHB Elias Vences 0-0: Ball
1-0: Foul Ball, location: 2F
1-1: Ball
2-1: Foul Ball, location: 2F
2-2: Strikes out swinging
Batting: RHB Adrian Cook 0-0: SINGLE (Groundball, 5S, EV 61.9 MPH) (infield hit)
Ricardo Ortiz scores
Batting: RHB Eric McMillian 0-0: Ball
1-0: Foul Ball, location: 2F
1-1: Ball
2-1: Foul Ball, location: 2F
2-2: SINGLE (Groundball, P, EV 89.4 MPH) (infield hit)
Adrian Cook to second
Pitching: RHP Felix Moreno
Batting: RHB Mike MacLeod 0-0: Swinging Strike
0-1: Called Strike
0-2: Strikes out swinging
Bottom of the 3rd over - 1 run, 3 hits, 0 errors, 2 left on base; Miami Beach 0 - Calgary 1
TOP OF THE 4TH
Miami Beach Marlins batting - Pitching for Calgary Flames : RHP Alberto Cuevas
Batting: SHB Matt Moore 0-0: Foul Ball, location: 2F
0-1: Foul Ball, location: 2F
0-2: Strikes out swinging
Batting: RHB Keith Bennett 0-0: Called Strike
0-1: Ball
1-1: Called Strike
1-2: Strikes out looking
Batting: LHB Luis Magdaleno 0-0: Called Strike
0-1: SINGLE (Line Drive, 8LS, EV 106.2 MPH)
Batting: LHB Orlando Rivera 0-0: Ball
1-0: Reached on error, E6 (Groundball, 6, EV 77.5 MPH)
Luis Magdaleno to second
Batting: RHB Robbie Gomez 0-0: Ball
1-0: Fielders Choice at 2nd, 6-4 (Groundball, 56, EV 94.4 MPH)
Top of the 4th over - 0 runs, 1 hit, 1 error, 2 left on base; Miami Beach 0 - Calgary 1
BOTTOM OF THE 4TH
Calgary Flames batting - Pitching for Miami Beach Marlins : RHP Felix Moreno
Batting: SHB Isaiah Scates 0-0: Ball
1-0: Ball
2-0: Called Strike
2-1: Foul Ball, location: 2F
2-2: Ball
3-2: Base on Balls
Batting: LHB Dean Luttman 0-0: Ball
1-0: Swinging Strike
1-1: Foul Ball, location: 2F
1-2: Ball
2-2: Strikes out swinging
Batting: RHB Alex Collazo 0-0: Ball
1-0: Ball
2-0: Foul Ball, location: 2F
2-1: Ball
3-1: Base on Balls
Isaiah Scates to second
Batting: RHB Ricardo Ortiz 0-0: Ball
1-0: Foul Ball, location: 2F
1-1: Grounds into double play, 6-4-3 (Groundball, 6, EV 80.6 MPH)
Bottom of the 4th over - 0 runs, 0 hits, 0 errors, 1 left on base; Miami Beach 0 - Calgary 1
TOP OF THE 5TH
Miami Beach Marlins batting - Pitching for Calgary Flames : RHP Alberto Cuevas
Batting: RHB Masumitsu Sugiura 0-0: Ball
1-0: Ball
2-0: Foul Ball, location: 2F
2-1: Called Strike
2-2: Foul Ball, location: 2F
2-2: Ball
3-2: Strikes out swinging
Batting: RHB Jason Thrash 0-0: Called Strike
0-1: SINGLE (Line Drive, 6MD, EV 98.8 MPH)
Batting: RHB Boof Howell 0-0: Ball
1-0: Foul Ball, location: 2F
1-1: Foul Ball, location: 2F
1-2: Ball
Wild Pitch!
Jason Thrash to second
2-2: Foul Ball, location: 2F
2-2: Strikes out looking
Batting: RHB Mike Gar 0-0: Ball
1-0: Called Strike
1-1: Ball
2-1: Called Strike
2-2: Ball
3-2: Base on Balls
Batting: SHB Matt Moore 0-0: Ball
1-0: Called Strike
1-1: Foul Ball, location: 2F
1-2: Strikes out swinging
Top of the 5th over - 0 runs, 1 hit, 0 errors, 2 left on base; Miami Beach 0 - Calgary 1
BOTTOM OF THE 5TH
Calgary Flames batting - Pitching for Miami Beach Marlins : RHP Felix Moreno
Batting: RHB Jon Groseclose 0-0: Ball
1-0: SINGLE (Groundball, 6D, EV 101.2 MPH)
Batting: RHB Elias Vences 0-0: Called Strike
0-1: Ball
1-1: Hit by Pitch
Jon Groseclose to second
Batting: RHB Adrian Cook 0-0: Ball
1-0: Ball
2-0: Ball
3-0: Base on Balls
Jon Groseclose to third
Elias Vences to second
Pitching: LHP Matt Boehm
Batting: RHB Eric McMillian 0-0: Ball
1-0: Ball
2-0: Fly out, F7 (Flyball, 7, EV 94.4 MPH)
Batting: RHB Mike MacLeod 0-0: Foul Ball, location: 2F
0-1: Swinging Strike
0-2: Ball
1-2: Foul Ball, location: 2F
1-2: Foul Ball, location: 2F
1-2: Foul Ball, location: 2F
1-2: Foul Ball, location: 2F
1-2: Foul Ball, location: 2F
1-2: Strikes out swinging
Batting: SHB Isaiah Scates 0-0: Ball
1-0: Ball
2-0: Ball
3-0: Base on Balls
Jon Groseclose scores
Elias Vences to third
Adrian Cook to second
Batting: LHB Dean Luttman 0-0: Fly out, F7 (Line Drive, 7S, EV 86.2 MPH)
Bottom of the 5th over - 1 run, 1 hit, 0 errors, 3 left on base; Miami Beach 0 - Calgary 2
TOP OF THE 6TH
Miami Beach Marlins batting - Pitching for Calgary Flames : RHP Alberto Cuevas
Batting: RHB Keith Bennett 0-0: Ground out 5-3 (Groundball, 5S, EV 86.2 MPH)
Batting: LHB Luis Magdaleno 0-0: Ball
1-0: Called Strike
1-1: Ball
2-1: Called Strike
2-2: Ground out 6-3 (Groundball, 6, EV 84.4 MPH)
Batting: LHB Orlando Rivera 0-0: Called Strike
0-1: Foul Ball, location: 2F
0-2: Ball
1-2: Strikes out swinging
Top of the 6th over - 0 runs, 0 hits, 0 errors, 0 left on base; Miami Beach 0 - Calgary 2
BOTTOM OF THE 6TH
Calgary Flames batting - Pitching for Miami Beach Marlins : LHP Matt Boehm
Batting: RHB Alex Collazo 0-0: Ball
1-0: Foul Ball, location: 2F
1-1: Ball
2-1: Foul Ball, location: 2F
2-2: Ball
3-2: Base on Balls
Pitching: RHP Eric Schafer
Batting: RHB Ricardo Ortiz 0-0: Ball
1-0: Foul Ball, location: 2F
1-1: Foul Ball, location: 2F
1-2: Ball
2-2: SINGLE (Line Drive, 7LS, EV 98.8 MPH)
Alex Collazo to second
Batting: RHB Jon Groseclose 0-0: Grounds into double play, 6-4-3 (Groundball, 6, EV 85.6 MPH)
Alex Collazo to third
Batting: RHB Elias Vences 0-0: Ball
1-0: Called Strike
1-1: Ball
2-1: Ball
3-1: Called Strike
3-2: Base on Balls
Batting: RHB Adrian Cook 0-0: Foul Ball, location: 2F
0-1: Ball
1-1: Ball
2-1: Foul Ball, location: 2F
2-2: 3-RUN HOME RUN (Flyball, 7D, EV 99.4 MPH), Distance : 414 ft
Batting: RHB Eric McMillian 0-0: Ball
1-0: Ball
2-0: Ball
3-0: Base on Balls
Pitching: RHP Ib Skovgaard
Batting: RHB Mike MacLeod 0-0: Ball
1-0: Ball
2-0: Foul Ball, location: 2F
2-1: Ball
3-1: Foul Ball, location: 2F
3-2: Foul Ball, location: 2F
3-2: Foul Ball, location: 2F
3-2: Base on Balls
Eric McMillian to second
Batting: SHB Isaiah Scates 0-0: Called Strike
0-1: Swinging Strike
0-2: Strikes out swinging
Bottom of the 6th over - 3 runs, 2 hits, 0 errors, 2 left on base; Miami Beach 0 - Calgary 5
TOP OF THE 7TH
Miami Beach Marlins batting - Pitching for Calgary Flames : RHP Alberto Cuevas
Pitching: LHP Ricardo de la Torre
Batting: RHB Robbie Gomez 0-0: Ball
1-0: Ground out 4-3 (Groundball, 4, EV 90.0 MPH)
Batting: RHB Masumitsu Sugiura 0-0: Called Strike
0-1: Ball
1-1: Swinging Strike
1-2: Fly out, F9 (Line Drive, 9, EV 95.6 MPH)
Batting: RHB Jason Thrash 0-0: Ball
1-0: Called Strike
1-1: SOLO HOME RUN (Line Drive, 8RXD, EV 115.6 MPH), Distance : 458 ft
Batting: RHB Boof Howell 0-0: Called Strike
0-1: Ball
1-1: Called Strike
1-2: Ball
2-2: Foul Ball, location: 2F
2-2: Ball
3-2: Foul Ball, location: 2F
3-2: Base on Balls
Batting: RHB Mike Gar 0-0: Ball
1-0: Ball
2-0: Ball
3-0: Base on Balls
Boof Howell to second
Batting: SHB Matt Moore 0-0: Ball
1-0: Ball
2-0: Called Strike
2-1: Swinging Strike
2-2: Strikes out swinging
Top of the 7th over - 1 run, 1 hit, 0 errors, 2 left on base; Miami Beach 1 - Calgary 5
BOTTOM OF THE 7TH
Calgary Flames batting - Pitching for Miami Beach Marlins : RHP Ib Skovgaard
Batting: LHB Dean Luttman 0-0: Ground out U3 (Groundball, 3, EV 99.4 MPH)
Batting: RHB Alex Collazo 0-0: Ball
1-0: Ball
2-0: Ball
3-0: Base on Balls
Batting: RHB Ricardo Ortiz 0-0: Called Strike
Alex Collazo steals 2nd base
0-1: Ball
1-1: Ball
2-1: SINGLE (Groundball, 34D, EV 101.9 MPH)
Alex Collazo to third
Pitching: RHP Alfonso Mier
Batting: RHB Jon Groseclose 0-0: 3-RUN HOME RUN (Flyball, 7D, EV 101.9 MPH), Distance : 411 ft
Batting: RHB Elias Vences 0-0: Foul Ball, location: 2F
0-1: Ball
1-1: Ball
2-1: Ball
3-1: Fly out, F4 (Popup, 4S, EV 63.1 MPH)
Batting: RHB Adrian Cook 0-0: Called Strike
0-1: Ball
1-1: Ball
2-1: Foul Ball, location: 2F
2-2: Foul Ball, location: 2F
2-2: Ball
3-2: Base on Balls
Batting: RHB Eric McMillian 0-0: Fly out, F7 (Line Drive, 7, EV 90.0 MPH)
Bottom of the 7th over - 3 runs, 2 hits, 0 errors, 1 left on base; Miami Beach 1 - Calgary 8
TOP OF THE 8TH
Miami Beach Marlins batting - Pitching for Calgary Flames : LHP Ricardo de la Torre
Batting: RHB Keith Bennett 0-0: Called Strike
0-1: Ball
1-1: Called Strike
1-2: Ball
2-2: Ground out 4-3 (Groundball, 4MS, EV 85.0 MPH)
Pinch Hitting: RHB Jeremy Harden 0-0: Ball
1-0: Ball
2-0: Ball
3-0: Base on Balls
Pitching: LHP Bill Hussey
Batting: LHB Orlando Rivera 0-0: Foul Ball, location: 2F
0-1: Called Strike
0-2: Ball
1-2: Strikes out swinging
Batting: RHB Robbie Gomez 0-0: Ball
1-0: Foul Ball, location: 2F
1-1: Ball
2-1: Swinging Strike
2-2: Ball
3-2: Base on Balls
Jeremy Harden to second
Batting: RHB Masumitsu Sugiura 0-0: Ball
1-0: Ball
2-0: Called Strike
2-1: Fly out, F8 (Flyball, 8RD, EV 88.1 MPH)
Top of the 8th over - 0 runs, 0 hits, 0 errors, 2 left on base; Miami Beach 1 - Calgary 8
BOTTOM OF THE 8TH
Calgary Flames batting - Pitching for Miami Beach Marlins : RHP Alfonso Mier
Now in LF: Jeremy Harden
Pinch Hitting: LHB Ramon Padilla 0-0: Ball
1-0: Foul Ball, location: 2F
1-1: Ball
2-1: Swinging Strike
2-2: Ball
3-2: Base on Balls
Pitching: RHP Franklin Vazquez
Batting: SHB Isaiah Scates 0-0: Called Strike
0-1: Called Strike
0-2: Strikes out swinging
Batting: LHB Dean Luttman 0-0: Called Strike
0-1: Grounds into double play, 4-6-3 (Groundball, 4, EV 104.4 MPH)
Bottom of the 8th over - 0 runs, 0 hits, 0 errors, 0 left on base; Miami Beach 1 - Calgary 8
TOP OF THE 9TH
Miami Beach Marlins batting - Pitching for Calgary Flames : LHP Bill Hussey
Now at 3B: Ramon Padilla
Batting: RHB Jason Thrash 0-0: Ball
1-0: Called Strike
1-1: Swinging Strike
1-2: Strikes out swinging
Batting: RHB Boof Howell 0-0: Called Strike
0-1: Foul Ball, location: 2F
0-2: Ball
1-2: Ball
2-2: Ball
3-2: Strikes out swinging
Batting: RHB Miguel Velasco 0-0: Called Strike
0-1: SINGLE (Line Drive, 4M, EV 105.0 MPH)
Batting: SHB Matt Moore 0-0: Ball
1-0: Called Strike
1-1: Ball
2-1: Foul Ball, location: 2F
2-2: Ball
3-2: Base on Balls
Miguel Velasco to second
Pitching: RHP Brice MacKenzie
Pinch Hitting: SHB Greg Rivera 0-0: Ball
1-0: Ball
2-0: Foul Ball, location: 2F
2-1: Ball
3-1: Base on Balls
Miguel Velasco to third
Matt Moore to second
Batting: RHB Jeremy Harden 0-0: Ball
1-0: Ball
2-0: Ball
3-0: Called Strike
3-1: Called Strike
3-2: Foul Ball, location: 2F
3-2: Base on Balls
Miguel Velasco scores
Matt Moore to third
Greg Rivera to second
Batting: LHB Orlando Rivera 0-0: Ground out 3-1 (Groundball, 34S, EV 86.9 MPH)
Top of the 9th over - 1 run, 1 hit, 0 errors, 3 left on base; Miami Beach 2 - Calgary 8
Wednesday, June 22nd , 2022 - OOTP Baseball 23.4 Build 64